 Dungeon Crawl Stone Soup version 0.30.0-18-gc0e69614cb (webtiles) character file.

Game seed: 8480076445183327006

340 Kranky the Ruffian (level 6, -14/61 HPs)
             Began as a Troll Warper on May 24, 2023.
             Demolished by an ogre
             ... wielding a +0 giant spiked club
              (30 damage)
             ... on level 2 of the Dungeon.
             The game lasted 00:05:29 (2225 turns).

Kranky the Ruffian (Troll Warper)                   Turns: 2225, Time: 00:05:30

Health: -14/61     AC:  4    Str: 20    XL:     6   Next: 30%
Magic:  6/6        EV: 10    Int: 11    God:
Gold:   168        SH:  0    Dex:  9    Spells: 7/7 levels left

rFire   . .          .
                       - Unarmed
rCold   . . .        (no shield)
rNeg    . . .        a - +0 robe
rPois   .            (helmet restricted)
rElec   .            (no cloak)
rCorr   .            (gloves unavailable)
SInv    .            (boots unavailable)
Will    .....        j - amulet of regeneration
Stlth   +            (no ring)
HPRegen 1.90/turn    (no ring)
MPRegen 0.10/turn

%: no passive effects
@: no status effects
A: large, unfitting armour, claws 3, regeneration 1, shaggy fur 1, tough skin 1
a: no special abilities


You were on level 2 of the Dungeon.
You visited 1 branch of the dungeon, and saw 3 of its levels.

You collected 168 gold pieces.

Inventory:

Missiles
 c - 7 boomerangs of dispersal (quivered)
Armour
 a - a +0 robe (worn)
Jewellery
 f - a ring of fire
 g - an amulet of faith
 j - an amulet of regeneration (around neck)
 q - a ring of positive energy
Scrolls
 b - a scroll of blinking
 d - 4 scrolls of noise {unknown}
 e - 2 scrolls of fear {unknown}
 h - 2 scrolls of teleportation {unknown}
 i - a scroll of enchant weapon {unknown}
 l - 3 scrolls of identify {unknown}
 m - a scroll of amnesia {unknown}
 n - a scroll of enchant armour {unknown}
Potions
 k - a potion of attraction {unknown}
 o - a potion of heal wounds {unknown}
 p - a potion of curing


   Skills:
 + Level 3.1 Fighting
 - Level 0.8 Throwing
 + Level 2.3 Armour
 + Level 3.2 Dodging
 + Level 3.7 Unarmed Combat
 - Level 1.2 Spellcasting
 - Level 2.1 Translocations


You had 7 spell levels left.
You didn't know any spells.
Your spell library contained the following spells:

 Spells                   Type           Power      Damage    Failure   Level
 Blink                    Tloc           10%        N/A       19%         2
 Lesser Beckoning         Tloc           10%        N/A       19%         2
 Freeze                   Ice            0%         1d3       32%         1
 Shock                    Conj/Air       0%         1d3       32%         1
 Sting                    Tmut/Pois      0%         1d3       32%         1
 Teleport Other           Tloc           5%         N/A       36%         3
 Poisonous Vapours        Pois/Air       0%         N/A       43%         2
 Vhi's Electric Charge    Tloc/Air       6%         N/A       52%         3
 Frozen Ramparts          Ice            0%         1d1       67%         3
 Hailstorm                Conj/Ice       0%         3d3       67%         3
 Swiftness                Air            0%         N/A       67%         3
 Manifold Assault         Tloc           5%         N/A       77%         4
 Airstrike                Air            0%         2d(0-16)  97%         4
 Olgreb's Toxic Radiance  Pois           0%         N/A       97%         4


Dungeon Overview and Level Annotations

Branches:
Dungeon (3/15)

Altars:


Innate Abilities, Weirdness & Mutations

You are too large for most types of armour.
You have claws for hands.
Your natural rate of healing is unusually fast.
You are covered in fur. (AC +1)
You have tough skin. (AC +1)


Message History

You start resting.
HP restored.
There is a stone staircase leading down, spattered with blood here.
You climb downwards.
The ogre barely misses you.
There is a stone staircase leading up, spattered with blood here.
You closely miss the orc. The orc hits you with a +0 falchion.
You barely miss the orc. The ogre barely misses you.
The orc hits you but does no damage.
You closely miss the orc. You claw the orc, but do no damage.
The orc hits you with a +0 falchion. The orc hits you with a +0 falchion.
The orc attacks as you move away! The orc closely misses you.
You see here a +0 flail.
The ogre attacks as you move away!
The ogre hits you with a +0 giant spiked club!!
You claw the ogre!
The ogre is severely wounded.
The ogre hits you with a +0 giant spiked club!!
* * * LOW HITPOINT WARNING * * *
There is a stone staircase leading up, spattered with blood here.
You climb upwards.
There is a stone staircase leading down, spattered with blood here.
You start resting.
HP restored.
You climb downwards.
The ogre closely misses you.
There is a stone staircase leading up, spattered with blood here.
The ogre hits you with a +0 giant spiked club!!
Ouch! That really hurt!
You climb upwards.
There is a stone staircase leading down, spattered with blood here.
You barely miss the ogre.
The ogre is severely wounded.
The ogre hits you with a +0 giant spiked club!!
* * * LOW HITPOINT WARNING * * *
You scratch the ogre but do no damage.
The ogre is severely wounded.
You scratch the ogre.
The ogre is severely wounded.
The ogre hits you with a +0 giant spiked club!!
You die...

#####..........#
.# #.........<# .#
##.........#
.#####.........#
..........####.#
########### #.# #
#.#
##############.###
...............O@#
#####....#########
##.......#
##.......#
.........#
.........#
.........#
##.####### ...#


You could see an ogre.

Vanquished Creatures
  A howler monkey (D:3)
  A hound (D:3)
  An orc wizard (D:3)
  12 gnolls
  An adder (D:2)
  A dart slug (D:3)
  23 orcs
  4 bats
  6 endoplasms
  2 giant cockroaches
  5 goblins (D:1)
  6 hobgoblins
  12 jackals (D:3)
  4 quokkas
  5 ball pythons
  5 frilled lizards
  5 kobolds
  8 rats
102 creatures vanquished.

Notes
Turn   | Place    | Note
-------+----------+-------------------------------------------
     0 | D:1      | Kranky the Troll Warper began the quest for the Orb.
     0 | D:1      | Reached XP level 1. HP: 19/19 MP: 1/1
   126 | D:1      | Reached XP level 2. HP: 27/28 MP: 2/2
   445 | D:1      | Reached XP level 3. HP: 35/35 MP: 3/3
   924 | D:2      | Reached skill level 1 in Armour
  1477 | D:3      | Reached XP level 4. HP: 44/44 MP: 4/4
  1793 | D:3      | Reached XP level 5. HP: 42/50 MP: 5/5
  2034 | D:3      | Reached XP level 6. HP: 61/61 MP: 6/6
  2225 | D:2      | Demolished by an ogre

Illustrated notes

Levels and vault maps discovered:
D:1:      lemuel_arrival_river_ford, layout_loops_ring
D:2:      layout_basic
D:3:      lemuel_castle_with_subvaults [lemuel_castle_interior_carwin_1],
          layout_basic, uniq_crazy_yiuf_cottage, uniq_sigmund

Skill      XL: |  1  2  3  4  5 |
---------------+----------------+-----
Dodging        | 2 3 |  3.2
Fighting       | 2 3 |  3.1
Armour         | 1 2 |  2.3
Unarmed Combat | 3 |  3.7
Throwing       | |  0.8
Spellcasting   | |  1.2
Translocations | |  2.1

Action                     |  1- 3 |  4- 6 || total
---------------------------+-------+-------++-------
  Melee: Unarmed           |   143 |   168 ||   311
         Punch             |       |     1 ||     1
   Stab: Sleeping          |     1 |     1 ||     2
 Armour: Robe              |    46 |    52 ||    98
  Dodge: Dodged            |    70 |    95 ||   165
